 Dungeon Crawl Stone Soup version 0.22-a0-866-geee50340df (webtiles) character file.

3285 Destragon the Ruffian (level 9, -19/89 HPs)
             Began as a Troll Transmuter on July 28, 2018.
             Was an Initiate of Okawaru.
             Demolished by a spiny frog (23 damage)
             ... on level 1 of the Lair of Beasts.
             The game lasted 00:42:01 (8367 turns).

Destragon the Ruffian (Troll Transmuter)            Turns: 8367, Time: 00:42:02

Health: -19/89     AC:  5    Str: 20    XL:     9   Next: 69%
Magic:  9/13       EV: 12    Int: 12    God:    Okawaru [......]
Gold:   307        SH:  0    Dex: 15    Spells: 7/14 levels left

rFire    + . .     SeeInvis .     - Unarmed
rCold    + . .     Gourm    +   (no shield)
rNeg     . . .     Faith    .   b - +0 robe
rPois    .         Spirit   .   (helmet restricted)
rElec    .         Reflect  .   c - scarf {rC+ rF+}
rCorr    .         Harm     .   (gloves unavailable)
MR       .....                  (boots unavailable)
Stlth    +.........             (no amulet)
HPRegen  0.64/turn              A - +5 ring of dexterity
MPRegen  0.13/turn              h - ring of wizardry

@: very slightly contaminated
A: large, unfitting armour, claws 3, fast metabolism 3, gourmand, regeneration
1, shaggy fur 1, tough skin 2
a: Renounce Religion


You were on level 1 of the Lair of Beasts.
You worshipped Okawaru.
Okawaru was noncommittal.
You were not hungry.

You visited 2 branches of the dungeon, and saw 11 of its levels.
You also visited: Ossuary.

You collected 502 gold pieces.
You spent 195 gold pieces at shops.

Inventory:

Missiles
 a - 227 arrows
Armour
 b - a +0 robe (worn)
 c - a scarf of resistance (worn)
Jewellery
 e - an uncursed ring of poison resistance
 f - an uncursed ring of magical power
 h - a ring of wizardry (right claw)
 u - an uncursed ring of protection from cold
 A - a +5 ring of dexterity (left claw)
 B - an uncursed ring of protection from fire
Wands
 l - a wand of random effects (15)
 n - a wand of scattershot (6)
 p - a wand of polymorph (27)
 t - a wand of flame (16)
 D - a wand of paralysis (18)
Scrolls
 i - 3 scrolls of remove curse
 m - 2 scrolls of identify
 o - a scroll of fear {unknown}
 q - a scroll of magic mapping {unknown}
 s - 2 scrolls of enchant weapon
 v - a scroll of noise {unknown}
 w - 4 scrolls of enchant armour {unknown}
 x - 2 scrolls of immolation
 y - 2 scrolls of brand weapon {unknown}
 F - a scroll of random uselessness {unknown}
 I - a scroll of acquirement {unknown}
Potions
 g - 2 potions of might
 j - 2 potions of haste
 k - 4 potions of curing
 r - 4 potions of flight
 z - a potion of berserk rage {unknown}
 C - a potion of lignification {unknown}
 G - a potion of cancellation {unknown}
 H - a potion of mutation {unknown}
 J - a potion of heal wounds {unknown}
Comestibles
 d - 18 rations


   Skills:
 * Level 6.0 Fighting
 + Level 4.4 Dodging
 * Level 7.8 Unarmed Combat
 + Level 3.3 Spellcasting
 * Level 2.1 Hexes
 - Level 3.5 Transmutations


You had 7 spell levels left.
You knew the following spells:

 Your Spells              Type           Power        Failure   Level  Hunger
a - Beastly Appendage     Tmut           ##....       2%          1    #......
b - Sticks to Snakes      Tmut           ##......     3%          2    ##.....
c - Confusing Touch       Hex            #.....       4%          1    #......
d - Spider Form           Tmut/Pois      #.........   14%         3    ###....

Your spell library contained the following spells:

 Spells                   Type           Power        Failure   Level  Hunger
 Magic Dart               Conj           #...         10%         1    #......
 Apportation              Tloc           #.....       10%         1    #......
 Summon Small Mammal      Summ           #...         10%         1    #......
 Iskenderun's Mystic Bla  Conj           #.......     65%         4    #####..
 Animate Skeleton         Necr           N/A          10%         1    #......
 Blade Hands              Tmut           ##........   50%         5    ######.
 Ice Form                 Ice/Tmut       #.......     41%         4    #####..
 Fulminant Prism          Conj/Hex       #.........   50%         4    #####..
 Dazzling Spray           Conj/Hex       #.....       17%         3    ###....
 Force Lance              Conj/Tloc      #.......     65%         4    #####..
 Searing Ray              Conj           #.....       14%         2    ##.....


Dungeon Overview and Level Annotations

Branches:
Dungeon (10/15)              Lair (1/6) D:8
 Temple: D:4-7          Orc: D:9-12

Altars:
Elyvilon
Fedhas
Makhleb
Nemelex Xobeh
Okawaru
Ru
Sif Muna
Uskayaw
Yredelemnul
The Shining One

Shops:
D:5 (   D:7 %   D:9 !

Annotations:
D:7 Harold


Innate Abilities, Weirdness & Mutations

You are too large for most types of armour.
You have claws for hands.
Your metabolism is lightning-fast.
You like to eat raw meat.
Your natural rate of healing is unusually fast.
You are covered in fur. (AC +1)
You have very tough skin. (AC +2)


Message History

You turn to flesh and can move again.
The spiny frog stings you.
Your ball python bites the plant but does no damage.
Your ball python constricts the plant.
The basilisk bites you!
* * * LOW HITPOINT WARNING * * *
Unknown command.
Unknown command.
Unknown command.
Unknown command.
Unknown command.
Press: ? - help, v - describe, . - travel The floor, spattered with blood.
As you read the scroll of summoning, it crumbles to dust.
Wisps of shadow whirl around you... The spiny frog stings you!!
* * * LOW HITPOINT WARNING * * *
Your ball python bites the plant but does no damage.
Your ball python constricts the plant.
The basilisk gazes at you. You resist with some effort.
The spiny frog stings you!!
You die...

................. ....#
.................
....##../..............
.....# #...... ..h..
.....####.....##.....
.......# #..h.#h#
......# #...hh## .....#
#######FlD### ....#
#.#.###P@F..### ...##
##.h..hS...h.... ..##
##...h......... .##
##.h..h........ #.# ####
#..............
#####..####.............
###.....# ##............
#.......## ##...........
.........# ###.........


You could see a spiny frog, a basilisk, a friendly four-headed hydra, 11
friendly wolves, a friendly bullfrog and a friendly ball python.

Vanquished Creatures
  Grinder (D:3)
  A hippogriff (D:9)
  Sigmund (D:6)
  Grum (D:8)
  A water moccasin (D:10)
  A black bear (Lair:1)
  3 wolves (Lair:1)
  4 ogres
  3 centaurs
  A big kobold (D:8)
  4 bullfrogs
  A wyvern skeleton (D:8)
  3 scorpions
  2 howler monkeys
  A bullfrog zombie (D:5)
  2 crimson imps
  A centaur zombie (D:8)
  2 hounds (D:5)
  2 bullfrog skeletons (D:5)
  A centaur skeleton (D:9)
  5 orc wizards
  Natasha (thrice) (D:2)
  A worker ant (D:5)
  Ijyb (D:3)
  4 big kobold zombies (Ossuary)
  A hound skeleton (D:6)
  A mummy (Ossuary)
  6 adders
  6 gnolls
  A howler monkey skeleton (D:4)
  A shadow imp (D:8)
  An ooze (D:3)
  2 adder skeletons
  5 worms
  2 dart slugs
  10 leopard geckos
  35 orcs
  A spectral bat (Ossuary)
  4 giant cockroaches
  6 goblins
  3 hobgoblins (D:3)
  4 jackals
  28 kobolds
  6 quokkas
  8 bats
  5 bat simulacra (Ossuary)
  4 frilled lizards
  10 gnoll zombies
  2 goblin simulacra (Ossuary)
  A goblin zombie (Ossuary)
  6 hobgoblin zombies (Ossuary)
  A jackal skeleton (D:9)
  3 kobold simulacra (Ossuary)
  7 kobold zombies (Ossuary)
  A leopard gecko skeleton (D:6)
  4 orc zombies (Ossuary)
  8 rats
  A rat simulacrum (Ossuary)
  2 spectral goblins (Ossuary)
  2 spectral kobolds (Ossuary)
  3 spectral rats (Ossuary)
  4 plants (D:8)
245 creatures vanquished.

Notes
Turn   | Place    | Note
-------+----------+-------------------------------------------
     0 | D:1      | Destragon the Troll Transmuter began the quest for the Orb.
     0 | D:1      | Reached XP level 1. HP: 18/18 MP: 1/1
     9 | D:1      | Noticed an electric eel
   227 | D:1      | Reached skill level 1 in Fighting
   258 | D:1      | Reached XP level 2. HP: 27/27 MP: 2/2
   678 | D:2      | Reached XP level 3. HP: 32/33 MP: 2/4
   785 | D:2      | Found a basalt altar of Yredelemnul.
   950 | D:2      | Found a faded altar of an unknown god.
  1051 | D:2      | Noticed Natasha
  1099 | D:2      | Killed Natasha
  1099 | D:2      | Reached XP level 4. HP: 36/42 MP: 3/5
  1118 | D:2      | Noticed Natasha
  1128 | D:2      | Killed Natasha
  1157 | D:2      | Noticed Natasha
  1168 | D:2      | Killed Natasha
  1183 | D:2      | Reached XP level 5. HP: 44/49 MP: 6/6
  1306 | D:3      | Noticed Sigmund
  1337 | D:3      | Noticed Ijyb
  1347 | D:3      | Killed Ijyb
  1347 | D:3      | Reached skill level 4 in Unarmed Combat
  1410 | D:3      | Learned a level 2 spell: Sticks to Snakes
  1776 | D:3      | Noticed Grinder
  1780 | D:3      | Paralysed by Grinder for 4 turns
  1874 | D:3      | Paralysed by Grinder for 7 turns
  1887 | D:3      | Killed Grinder
  1887 | D:3      | Reached XP level 6. HP: 49/61 MP: 8/8
  2396 | D:4      | Found a sand-covered staircase.
  2439 | Ossuary  | Entered an ossuary
  2451 | Ossuary  | Reached XP level 7. HP: 66/67 MP: 9/9
  2601 | Ossuary  | Reached skill level 5 in Unarmed Combat
  3935 | D:5      | Entered Level 5 of the Dungeon
  4071 | D:5      | Found Puup's Antique Weapon Emporium.
  4245 | D:5      | Reached XP level 8. HP: 39/78 MP: 10/10
  4261 | D:5      | Found a blossoming altar of Fedhas.
  4261 | D:5      | Found a hide-covered altar of Uskayaw.
  4262 | D:5      | Found a sparkling altar of Nemelex Xobeh.
  4932 | D:6      | Found a sacrificial altar of Ru.
  4971 | D:6      | Reached skill level 6 in Unarmed Combat
  5114 | D:6      | Killed Sigmund
  5294 | D:6      | Found a glowing golden altar of the Shining One.
  5407 | D:6      | Found a deep blue altar of Sif Muna.
  5505 | D:6      | Found a burning altar of Makhleb.
  5576 | D:7      | Found Gukkef's Food Shoppe.
  5800 | D:7      | Noticed Harold
  5818 | D:8      | Found a staircase to the Lair.
  5865 | D:8      | Reached skill level 5 in Fighting
  5924 | D:8      | Noticed Grum
  5955 | Lair:1   | Entered Level 1 of the Lair of Beasts
  6078 | Lair:1   | Reached XP level 9. HP: 88/88 MP: 12/12
  6088 | Lair:1   | Learned a level 1 spell: Confusing Touch
  6179 | Lair:1   | Reached skill level 7 in Unarmed Combat
  6273 | D:8      | Killed Grum
  6488 | D:8      | Reached skill level 1 in Hexes
  6987 | D:8      | Found an iron altar of Okawaru.
  7069 | D:8      | Became a worshipper of Warmaster Okawaru
  7115 | D:8      | Found a sacrificial altar of Ru.
  7116 | D:8      | Found a white marble altar of Elyvilon.
  7385 | D:9      | Found Deriq's Distillery.
  7394 | D:9      | Bought a potion of curing for 45 gold pieces
  7394 | D:9      | Bought a potion of haste for 150 gold pieces
  7522 | D:9      | Noticed a two-headed ogre
  7870 | D:9      | Found a glowing golden altar of the Shining One.
  8165 | D:10     | Entered Level 10 of the Dungeon
  8346 | Lair:1   | Noticed a spiny frog
  8352 | Lair:1   | Learned a level 3 spell: Spider Form
  8367 | Lair:1   | HP: 4/89 [spiny frog (19)]
  8367 | Lair:1   | Demolished by a spiny frog

Vault maps used:
D:1:      arrival_aquarium_a
D:2:      lemuel_zombie_altar_yredelemnul, chequers_ecumenical_altar_island,
          eino_tiny_chamber, hangedman_abyss_or_decor_stabs, uniq_natasha
D:3:      uniq_ijyb, uniq_grinder, uniq_sigmund
D:4:      first_ration, enter_ossuary_1
D:5:      grunt_temple_overflow_open, serial_shops, shop, st_stairs_9,
          kennysheep_cross_room, nrook_loot_triangle, minmay_misc_feat_room
D:6:      kennysheep_mini_moat, led_sif_pool, basic_altar, hangedman_ru_absence
D:7:      nicolae_dithmenos_the_darkroom, temple_hall, serial_shops, shop,
          uniq_harold
D:8:      kennysheep_kobold_camp, okawaru_metal_pillars_1_2,
          gammafunk_temple_overflow_statue, lair_entry_dummy, uniq_grum
D:9:      serial_shops, nicolae_shop_temple_entry_statues_fountains,
          basic_altar, grunt_livestock
Lair:1:   minivault_25, st_stairs_3, lemuel_fruit_tree
Ossuary:  ossuary_zaba_two_paths

Skill      XL: |  1  2  3  4  5  6  7  8  9 |
---------------+----------------------------+-----
Fighting       | 1 2 3 4 5 6 |  6.0
Dodging        | 2 3 4 |  4.4
Unarmed Combat | 4 5 6 7 |  7.8
Transmutations | 2 3 |  3.5
Spellcasting   | 2 3 |  3.3
Hexes          | 2 |  2.1

Action                   |  1- 3 |  4- 6 |  7- 9 || total
-------------------------+-------+-------+-------++-------
Melee: Unarmed           |   107 |   112 |   504 ||   723
       Headbutt          |     4 |     4 |    13 ||    21
       Kick              |       |     2 |    30 ||    32
       Punch             |       |       |    12 ||    12
Throw: Throwing net      |       |       |     2 ||     2
 Cast: Beastly Appendage |     4 |     8 |    23 ||    35
       Sticks to Snakes  |       |     3 |    13 ||    16
  Use: Scroll            |       |     8 |     8 ||    16
       Potion            |       |       |     4 ||     4
 Stab: Sleeping          |     1 |       |     3 ||     4
       Distracted        |       |       |     1 ||     1
  Eat: Chunk             |    16 |    13 |    41 ||    70
       Ration            |       |       |     2 ||     2
Armor: Robe              |    51 |    24 |   115 ||   190
       Skin              |       |    35 |       ||    35
Dodge: Dodged            |    73 |    52 |   219 ||   344

Table legend:
 A = Spawn XP
 B = Non-spawn XP
 C = Spawn XP percentage of total XP
 D = Spawn monster count
 E = Non-spawn monster count
 F = Spawn count percentage of total count
 G = Total turns spent on level
                    A         B        C        D         E        F      G
               +---------+---------+-------+---------+---------+-------+---------
         Total |       0 |    4694 |   0.0 |       0 |     241 |   0.0 |  8367
               +---------+---------+-------+---------+---------+-------+---------
           D:1 |       0 |      23 |   0.0 |       0 |      12 |   0.0 |   629
           D:2 |       0 |     176 |   0.0 |       0 |      32 |   0.0 |   756
           D:3 |       0 |     405 |   0.0 |       0 |      32 |   0.0 |  1917
           D:4 |       0 |     301 |   0.0 |       0 |      15 |   0.0 |   431
           D:5 |       0 |     469 |   0.0 |       0 |      22 |   0.0 |   927
           D:6 |       0 |     709 |   0.0 |       0 |      23 |   0.0 |   565
           D:7 |       0 |     115 |   0.0 |       0 |       5 |   0.0 |   242
           D:8 |       0 |     836 |   0.0 |       0 |      30 |   0.0 |  1428
           D:9 |       0 |     561 |   0.0 |       0 |      12 |   0.0 |   750
          D:10 |       0 |     257 |   0.0 |       0 |       2 |   0.0 |    21
        Lair:1 |       0 |     668 |   0.0 |       0 |       6 |   0.0 |   350
       Ossuary |       0 |     174 |   0.0 |       0 |      50 |   0.0 |   351
               +---------+---------+-------+---------+---------+-------+---------
